 Dungeon Crawl Stone Soup version 0.31-a0-981-geadf994542 (webtiles) character file.

Game seed: 16333001831493619647

74 lunkers the Insei (level 4, 0/52 HPs)
             Began as a Meteoran Shapeshifter on Nov 1, 2023.
             Succumbed to an adder's poison
             ... on level 2 of the Dungeon.
             The game lasted 00:01:58 (658 turns).

lunkers the Insei (Meteoran Shapeshifter)            Turns: 658, Time: 00:01:59

Health: 0/52       AC: 22    Str: 15    XL:     4   Next: 84%
Magic:  5/5        EV:  2    Int: 11    God:
Gold:   49         SH:  0    Dex: 22    Spells: 3/3 levels left

rFire   . .          .
                       - Unarmed
rCold   . . .        (no shield)
rNeg    . . .        a - melded +0 animal skin
rPois   +            (helmet currently unavailable)
rElec   .            (cloak currently unavailable)
rCorr   .            (gloves currently unavailable)
SInv    .            (boots currently unavailable)
Will    .....        (no amulet)
Stlth   +            e - +6 ring of dexterity
HPRegen 0.28/turn    (no ring)
MPRegen 0.09/turn

%: no passive effects
@: lethally poisoned (0 -> -1), tree-form, glowing
A: stationary, stasis, torment immunity, boosted hp, sense surroundings 1,
otherworldly, glowing, explore regen
a: no special abilities


You were on level 2 of the Dungeon.
You were a tree.
You visited 1 branch of the dungeon, and saw 2 of its levels.

You collected 49 gold pieces.

Inventory:

Armour
 a - a +0 animal skin (melded)
Jewellery
 e - a +6 ring of dexterity (left branch)
Talismans
 c - a beast talisman
 d - a flux talisman
Scrolls
 f - a scroll of enchant armour {unknown}
 g - a scroll of teleportation {unknown}


   Skills:
 - Level 1.1 Fighting
 - Level 2.1 Dodging
 * Level 5.3 Unarmed Combat
 + Level 4.4 Shapeshifting


You had 3 spell levels left.
You didn't know any spells.
Your spell library contained the following spells:

 Spells                   Type           Power      Damage    Failure   Level
 Lesser Beckoning         Tloc           0%         N/A       47%         2
 Gell's Gravitas          Tloc           0%         N/A       71%         3
 Stone Arrow              Conj/Erth      0%         3d7       71%         3
 Teleport Other           Tloc           0%         N/A       71%         3
 Animate Armour           Summ/Erth      0%         N/A       98%         4
 Lehudib's Crystal Spear  Conj/Erth      0%         10d2      100%        8


Dungeon Overview and Level Annotations

Branches:
Dungeon (2/15) Zot: 553

Altars:


Innate Abilities, Weirdness & Mutations

You are a tree.
Your roots penetrate the ground, keeping you stationary.
You cannot be teleported.
You are immune to unholy pain and torment.
Your maximum health is greatly increased.
Your equipment is partially melded.
You passively map a small area around you.
You are easily found by Zot.
You glow in the dark.
You regain HP and MP as you explore.


Message History

You hit the adder.
The adder is severely wounded.
You feel sick.
You are no longer poisoned.
The adder bites you.
* * * LOW HITPOINT WARNING * * *
You are poisoned.
The adder poisons you! The hobgoblin hits you.
* * * LOW HITPOINT WARNING * * *
You barely miss the adder.
The adder is severely wounded.
You feel sick. The adder bites you.
* * * LOW HITPOINT WARNING * * *
The hobgoblin hits you.
* * * LOW HITPOINT WARNING * * *
You hit the adder but do no damage.
The adder is severely wounded.
You feel sick. The adder bites you.
* * * LOW HITPOINT WARNING * * *
The hobgoblin hits you.
* * * LOW HITPOINT WARNING * * *
The adder barely misses you.
Your transformation has ended.
You turn into a tree.
Your +0 animal skin melds into your body.
Your roots penetrate the ground.
* * * LOW HITPOINT WARNING * * *
You feel sick.
The hobgoblin hits you but does no damage.
The adder bites you but does no damage.
You closely miss the adder.
The adder is severely wounded.
* * * LOW HITPOINT WARNING * * *
You feel sick. The adder bites you but does no damage.
The hobgoblin hits you but does no damage.
You smack the adder!
You kill the adder!
The hobgoblin hits you but does no damage.
You completely miss the hobgoblin.
You die...

, , , #............
* * #.#.........#*
#..†........#####*
#.........##.......
#......##....### *
........####..#
#........####..##
#...............#
#...###+#.###♣..# ,
#....g†.# ,
#.###...#* ** ,
(.[..# * #....# ,,,
......* * #..##..
#..# #.# * , , <


You could see a hobgoblin.

Vanquished Creatures
  2 adders (D:2)
  A worm (D:2)
  A dart slug (D:1)
  3 endoplasms
  3 giant cockroaches
  3 goblins
  4 hobgoblins
  10 jackals
  A quokka (D:1)
  5 ball pythons
  3 bats
  4 frilled lizards
  2 kobolds (D:1)
  4 rats
46 creatures vanquished.

Notes
Turn   | Place    | Note
-------+----------+-------------------------------------------
     0 | D:1      | lunkers the Meteoran Shapeshifter began the quest for the
                  | Orb.
     0 | D:1      | Reached XP level 1. HP: 16/16 MP: 2/2
    94 | D:1      | Reached XP level 2. HP: 16/23 MP: 3/3
    98 | D:1      | Reached skill level 4 in Unarmed Combat
   187 | D:1      | Reached XP level 3. HP: 28/28 MP: 4/4
   452 | D:2      | Reached XP level 4. HP: 34/35 MP: 5/5
   461 | D:2      | Reached skill level 5 in Unarmed Combat
   654 | D:2      | HP: 1/35 [hobgoblin (4)]
   658 | D:2      | Succumbed to an adder's poison

Illustrated notes

Levels and vault maps discovered:
D:1:      tekkud_arrival_beachfront_property, layout_loops_ring, glass_columns_b
D:2:      layout_basic, basic_ecumenical_altar

Skill      XL: |  1  2  3  4 |
---------------+-------------+-----
Unarmed Combat | 4 5 |  5.3
Shapeshifting  | 4 |  4.4
Fighting       | |  1.1
Dodging        | |  2.1

Action                     |  1- 3 |  4- 6 || total
---------------------------+-------+-------++-------
  Melee: Unarmed           |    84 |    40 ||   124
         Punch             |     2 |     1 ||     3
    Use: Scroll            |     1 |       ||     1
         Potion            |       |     1 ||     1
   Stab: Sleeping          |     3 |     1 ||     4
 Armour: Animal skin       |    38 |    23 ||    61
         Skin              |       |     5 ||     5
  Dodge: Dodged            |    61 |    24 ||    85

Table legend: (Time is in decaauts)
 A = Elapsed time spent in this place.
 B = Non-inter-level travel time spent in this place.
 C = Inter-level travel time spent in this place.
 D = Time resting spent in this place.
 E = Time spent auto-exploring this place.
 F = Levels seen in this place.
 G = Mean time per level.
                   A        B        C        D        E       F      G
               +--------+--------+--------+--------+--------+-----+--------+
         Total |    646 |    626 |     20 |      0 |    342 |   2 |  323.0 |
       Dungeon |    646 |    626 |     20 |      0 |    342 |   2 |  323.0 |
               +--------+--------+--------+--------+--------+-----+--------+

Top non-repeatable levels by time:
     D:1: 394 daAuts
     D:2: 252 daAuts
